[Event "ICC tourney 1955 (60 10)"]
[Site "Internet Chess Club"]
[Date "2020.08.07"]
[Round "1"]
[White "ryanwang"]
[Black "chessmate09520"]
[Result "0-1"]
[ICCResult "White resigns"]
[WhiteElo "1834"]
[BlackElo "2094"]
[Opening "Sicilian: accelerated fianchetto, Maróczy bind"]
[ECO "B36"]
[NIC "SI.33"]
[Time "12:21:51"]
[TimeControl "3600+10"]

1. e4 c5 2. Nf3 Nc6 3. d4 cxd4 4. Nxd4 g6 5. c4 Nf6 6. Nc3 Nxd4 7. Qxd4 Bg7
8. Be3 O-O 9. Qd2 d6 10. Be2 Be6 11. O-O Nd7 12. Rac1 a6 13. b3 Rb8 14. f4
Nc5 15. Bf3 b5 16. cxb5 axb5 17. Nd5 Bxd5 18. exd5 Nd7 19. Kh1 b4 20. Bd4
Bxd4 21. Qxd4 Qa5 22. Rc2 Rbc8 23. Rfc1 Rc5 24. Rxc5 Nxc5 25. Rc2 Ra8 26. h3
Qb5 27. Be2 Qb7 28. Bc4 h5 29. Re2 Qd7 30. Qd2 Rb8 31. Qe3 Rb7 32. Bd3 Qc8
33. Rc2 Rc7 34. Rc4 Qa8 35. Qd4 Rb7 36. Rc2 Ra7 37. f5 g5 38. Bb5 Rxa2 39.
Qe3 f6 40. Bc6 Qa7 41. Rc4 Nxb3 42. Qxa7 Rxa7 43. Rxb4 Nd2 44. Rb8+ Kg7 45.
Kh2 Nf1+ 46. Kg1 Ne3 47. Be8 h4 48. Bc6 Nxf5 49. Kf2 Ra2+ 50. Kf3 Nd4+ 51.
Ke3 Nxc6 52. dxc6 Rc2 53. Rb7 Kf7 54. c7 Ke6 55. Kd3 Rc5 56. Kd4 Kf7 57. Ra7
Ke8 58. Rb7 f5 59. Ke3 Kf7 60. Kd3 Kf6 61. Ke3 g4 62. hxg4 fxg4 63. Rb4 Rxc7
64. Rxg4 Rc3+ 65. Kd2 Rg3 66. Rxh4 Rxg2+ 67. Ke3 e5 68. Rh6+ Rg6 69. Rh8 Ke6
70. Kd3 Kd5 71. Rh4 Rg3+ 72. Ke2 e4 73. Rh5+ Kd4 74. Rh8 d5 75. Rd8 Rg2+ 76.
Ke1 Ra2 77. Kd1 Kc4 78. Kc1 d4 79. Rc8+ Kd3 80. Rh8 Rg2 81. Rh3+ e3 82. Rf3
Rg1+ 83. Kb2 Kd2 84. Rf4 d3 85. Rh4 e2 86. Rh2 Kd1 {White resigns} 0-1

[Event "ICC tourney 1955 (60 10)"]
[Site "Internet Chess Club"]
[Date "2020.08.07"]
[Round "1"]
[White "alphachesplayer"]
[Black "zchen15"]
[Result "0-1"]
[ICCResult "White resigns"]
[WhiteElo "1689"]
[BlackElo "1997"]
[Opening "Sicilian: Kan, 5.Bd3"]
[ECO "B42"]
[NIC "SI.42"]
[Time "12:21:55"]
[TimeControl "3600+10"]

1. e4 c5 2. Nf3 e6 3. d4 cxd4 4. Nxd4 a6 5. Bd3 Qc7 6. Be3 Nf6 7. Qe2 b5 8.
O-O Bb7 9. Nd2 h5 10. h3 Nc6 11. c3 Ne5 12. Bc2 Be7 13. f4 Nc4 14. Nxc4 bxc4
15. Bd2 Rc8 16. e5 Nd5 17. f5 Bc5 18. fxe6 dxe6 19. Ba4+ Kf8 20. Rf2 Kg8 21.
Raf1 Rf8 22. Kh1 Nb6 23. Bc2 Nd7 24. Bf4 Bd5 25. Be4 Qb7 26. Bxd5 exd5 27.
e6 fxe6 28. Qxe6+ Kh7 29. Bg5 Bxd4 30. cxd4 Rxf2 31. Rxf2 Nf8 32. Qf5+ Ng6
33. Be3 Qc6 34. Qxh5+ Kg8 35. Qf5 Rh4 36. Qf7+ Kh7 37. Bg5 Re4 38. Rf6 Qe8
39. Qxe8 Rxe8 40. Rxa6 Re1+ 41. Kh2 Rb1 42. Rd6 Rxb2 43. Rxd5 Nf8 44. Rd6 c3
45. Rc6 Rxa2 46. Rxc3 Ne6 47. Be3 Ra5 48. Rc6 Nd8 49. Rc5 Ra3 50. Bf2 Ra2
51. Rc8 Nf7 52. Bg3 Rd2 53. Rc7 Ng5 54. Rd7 Nf3+ 55. Kh1 Rd1+ {White
resigns} 0-1

[Event "ICC tourney 1955 (60 10)"]
[Site "Internet Chess Club"]
[Date "2020.08.07"]
[Round "1"]
[White "mydogeatschess"]
[Black "Kokoro"]
[Result "1-0"]
[ICCResult "Black checkmated"]
[WhiteElo "1899"]
[BlackElo "2120"]
[Opening "Robatsch (modern) defense"]
[ECO "B06"]
[NIC "KF.06"]
[Time "12:22:47"]
[TimeControl "3600+10"]

1. e4 g6 2. d4 d5 3. exd5 Qxd5 4. Nc3 Qa5 5. Nf3 Bg7 6. Be3 Nh6 7. Qd2 Nf5
8. Be2 O-O 9. Ne5 Nxe3 10. Qxe3 c6 11. O-O-O b5 12. Kb1 Be6 13. d5 cxd5 14.
Nxd5 Na6 15. Nc6 Qa4 16. Nc3 Qh4 17. Ne4 Rfe8 18. g3 Qh6 19. f4 Nc7 20. Qc5
Bf8 21. Ng5 a6 22. h4 Qg7 23. Bf3 h6 24. Nxe6 Nxe6 25. Qe3 Qf6 26. Ne5 Rac8
27. Nd7 Qf5 28. Be4 Qg4 29. Ne5 Qxd1+ 30. Rxd1 Nc5 31. f5 gxf5 32. Bxf5 e6
33. Bd3 Bg7 34. Rf1 Rc7 35. Qf4 Nxd3 36. Nxd3 Rec8 37. c3 f6 38. Qg4 f5 39.
Qe2 Rc6 40. g4 Rf8 41. gxf5 exf5 42. Qf3 Rd6 43. Nf4 Kh7 44. Re1 Rf7 45. a3
a5 46. h5 b4 47. axb4 axb4 48. Ne6 Bh8 49. Nd4 bxc3 50. bxc3 Bxd4 51. cxd4
Rxd4 52. Re3 Rg4 53. Kc2 Ra4 54. Kd2 Ra2+ 55. Ke1 Ra1+ 56. Kf2 Ra2+ 57. Re2
Ra4 58. Re5 Ra2+ 59. Kg3 f4+ 60. Kh3 Kg7 61. Qg4+ Kf8 62. Qc8+ Kg7 63. Re8
Ra3+ 64. Kh4 f3 65. Qg4+ Kf6 66. Qg6# {Black checkmated} 1-0

[Event "ICC tourney 1955 (60 10)"]
[Site "Internet Chess Club"]
[Date "2020.08.07"]
[Round "1"]
[White "Rohith-p"]
[Black "aghilan"]
[Result "0-1"]
[ICCResult "White resigns"]
[WhiteElo "1903"]
[BlackElo "1865"]
[Opening "Giuoco Piano"]
[ECO "C54"]
[NIC "IG.02"]
[Time "12:22:25"]
[TimeControl "3600+10"]

1. e4 e5 2. Bc4 Bc5 3. Nf3 Nc6 4. c3 Nf6 5. d3 d6 6. a4 a5 7. Na3 O-O 8. O-O
h6 9. Nc2 Be6 10. Re1 Bxc4 11. dxc4 Ng4 12. Re2 f5 13. exf5 Rxf5 14. Qd5+
Rf7 15. Qe4 Qd7 16. Ne3 Nxe3 17. Bxe3 Bxe3 18. Rxe3 Re8 19. b3 Qe6 20. Rae1
Ref8 21. R1e2 Rf4 22. Qd3 Qg4 23. h3 Qe6 24. Nd4 Qf7 25. Nf3 Qe6 26. Kh2 Kh8
27. Re4 Qg6 28. Qe3 Kh7 29. Nd2 b6 30. Rxf4 exf4 31. Qe4 Ne5 32. f3 Re8 33.
Qxg6+ Kxg6 34. Ne4 Nd3 35. Kg1 Nc5 36. Rb2 Nxe4 37. fxe4 Rxe4 38. Kf2 Kf5
39. b4 Rxc4 40. bxa5 bxa5 41. Rb5+ Rc5 42. Rb3 Ke4 43. Ke2 Rg5 44. Kf2 Rg3
45. Rb5 Rxc3 46. Rxa5 Rc2+ 47. Kg1 d5 48. Rb5 d4 49. a5 d3 50. Rb8 d2 51.
Re8+ Kf5 52. Rd8 Rc1+ 53. Kh2 d1=Q 54. Rxd1 Rxd1 55. a6 Ra1 56. a7 Rxa7
{White resigns}
0-1

[Event "ICC tourney 1955 (60 10)"]
[Site "Internet Chess Club"]
[Date "2020.08.07"]
[Round "1"]
[White "atevifred"]
[Black "Silhouettes"]
[Result "1/2-1/2"]
[ICCResult "Game drawn by mutual agreement"]
[WhiteElo "1930"]
[BlackElo "2196"]
[Opening "Robatsch (modern) defense"]
[ECO "A40"]
[NIC "KF.05"]
[Time "12:22:41"]
[TimeControl "3600+10"]

1. d4 g6 2. e4 Bg7 3. Nf3 d6 4. Be3 Nc6 5. c3 e5 6. Bb5 exd4 7. cxd4 Bd7 8.
Nc3 Nge7 9. Qd2 a6 10. Be2 d5 11. Nxd5 Nxd5 12. exd5 Ne7 13. Bc4 Bf5 14. Bg5
f6 15. Bh6 Bxh6 16. Qxh6 Qd6 17. O-O O-O-O 18. Rfe1 Bg4 19. Rac1 Nf5 20. Qd2
Bxf3 21. gxf3 Nh4 22. Rc3 Rhe8 23. Re6 Rxe6 24. dxe6 Qxd4 25. Qxd4 Rxd4 26.
Be2 Kd8 27. Kf1 Rd2 28. Bc4 Nf5 29. b4 Rd4 30. a3 c6 31. Bb3 Ke7 32. Kg2 Ng7
33. Re3 Rd6 34. f4 Nxe6 35. f5 gxf5 36. Bxe6 Rxe6 37. Rh3 Kd6 38. Rxh7 Re7
39. Rxe7 Kxe7 40. h4 b6 41. Kf3 c5 42. bxc5 bxc5 43. Kf4 c4 44. Ke3 Kf7 45.
Kd4 Kg6 46. Kxc4 Kh5 47. Kb4 Kxh4 48. Ka5 f4 49. Kxa6 f3 50. Kb6 Kh3 51. a4
Kg2 52. a5 Kxf2 53. a6 Ke2 54. a7 f2 55. a8=Q f1=Q 56. Qe4+ Kd1 57. Qb1+ Ke2
58. Qe4+ Kd2 59. Qd4+ Kc2 60. Qa4+ Kc3 61. Qc6+ Kb3 62. Qe6+ Kb4 63. Qd6+
Kc3 64. Qa3+ Kd4 65. Qc5+ Ke4 66. Qc6+ Kf5 67. Qd7+ Kg6 68. Qe8+ Kg5 69.
Qg8+ Kf4 70. Qb8+ Kf3 71. Qb7+ Kf2 72. Qe4 Kg3 73. Qg6+ Kh2 74. Qh5+ Kg1 75.
Qg6+ Kh1 76. Qe4+ Qg2 77. Qh4+ Qh2 78. Qxf6 {Game drawn by mutual agreement}
1/2-1/2

[Event "ICC tourney 1955 (60 10)"]
[Site "Internet Chess Club"]
[Date "2020.08.07"]
[Round "1"]
[White "dzchess01"]
[Black "fluffypillow73"]
[Result "1/2-1/2"]
[ICCResult "Game drawn by mutual agreement"]
[WhiteElo "1887"]
[BlackElo "2040"]
[Opening "Caro-Kann: Tartakower (Nimzovich) variation"]
[ECO "B15"]
[NIC "CK.06"]
[Time "12:21:59"]
[TimeControl "3600+10"]

1. e4 c6 2. d4 d5 3. Nc3 dxe4 4. Nxe4 Nf6 5. Nxf6+ exf6 6. c3 Bd6 7. Bd3 O-O
8. Ne2 Re8 9. O-O Qc7 10. g3 Bh3 11. Re1 Bg4 12. Qc2 h5 13. Bf4 Nd7 14. Bxd6
Qxd6 15. Nf4 Nf8 16. Bc4 Qd7 17. Re3 Rxe3 18. fxe3 Re8 19. Re1 h4 20. e4 g5
21. Ng2 hxg3 22. hxg3 Bf3 23. Bd3 Kg7 24. Qf2 Bxg2 25. Kxg2 Ng6 26. Rf1 Qe6
27. a4 Ne7 28. c4 Rh8 29. Rh1 Rxh1 30. Kxh1 Qg4 31. Kg2 Ng6 32. Kh2 c5 33.
e5 Qh5+ 34. Kg2 fxe5 35. Bxg6 Qxg6 36. dxe5 Qe4+ 37. Qf3 Qxe5 38. Qxb7 Qe2+
39. Kh3 g4+ 40. Kh4 Qxc4 41. Qxa7 Qd4 42. Qe7 c4 43. Qg5+ Kf8 44. Qxg4 Qf6+
45. Kh5 Qh8+ 46. Kg5 Qe5+ 47. Qf5 Qxg3+ 48. Qg4 Qe5+ 49. Qf5 Qg3+ 50. Qg4
Qb3 51. Qc8+ Kg7 52. Qc6 Qg3+ 53. Kf5 Qf2+ 54. Kg5 Qg3+ 55. Kf5 Qf2+ 56. Kg5
Qe3+ 57. Kf5 Qf2+ 58. Kg5 Qg1+ 59. Kf5 Qf2+ 60. Kg5 Qg1+ 61. Kf5 Qf1+ 62.
Kg5 {Game drawn by mutual agreement} 1/2-1/2

[Event "ICC tourney 1955 (60 10)"]
[Site "Internet Chess Club"]
[Date "2020.08.07"]
[Round "1"]
[White "MrNormalName"]
[Black "aritroc"]
[Result "0-1"]
[ICCResult "White resigns"]
[WhiteElo "2184"]
[BlackElo "2025"]
[Opening "QGD: Tarrasch, Prague variation, 9.Bg5"]
[ECO "E06"]
[NIC "TD.03"]
[Time "12:22:27"]
[TimeControl "3600+10"]

1. d4 Nf6 2. c4 e6 3. g3 d5 4. Bg2 Be7 5. Nf3 O-O 6. O-O c5 7. cxd5 exd5 8.
Nc3 Nc6 9. Bg5 cxd4 10. Nxd4 Be6 11. Nxc6 bxc6 12. Na4 Bf5 13. Rc1 Qd7 14.
Be3 Rfe8 15. Bc5 Bxc5 16. Nxc5 Qe7 17. e3 Rab8 18. Qd4 Nd7 19. Nxd7 Qxd7 20.
Rfd1 Qb7 21. b3 Qa6 22. Rd2 Rb6 23. Bf1 Qa3 24. Qc5 Qxc5 25. Rxc5 Rc8 26.
Rd1 Kf8 27. Rdc1 Ke7 28. Be2 Kd6 29. g4 Be6 30. Kg2 Rc7 31. Kg3 Rb4 32. h3
f6 33. Bd1 d4 34. e4 g5 35. Be2 h6 36. Bf1 Bf7 37. Rf5 Ke7 38. Rfc5 Kd6 39.
h4 Be6 40. f3 Rc8 41. Be2 Rc7 42. h5 Rc8 43. Kf2 Rc7 44. Ke1 Rc8 45. Kd2 Rc7
46. Bd1 Rc8 47. Kd3 Rc7 48. a3 Rb6 49. b4 Ra6 50. a4 Rb7 51. b5 cxb5 52.
axb5 Ra2 53. Kxd4 Bd7 54. R1c2 Rxc2 55. Bxc2 Rxb5 56. Rc3 Rb4+ 57. Ke3 Be6
58. Ra3 Rb7 59. Bd3 Rb3 60. Rxb3 Bxb3 61. Ba6 Ke5 62. Kd3 Kf4 63. Ke2 Ba4
64. Bc4 a5 65. Bd5 Bb5+ 66. Kd2 a4 67. Kd1 Bf1 68. Bc6 a3 69. Kc2 Bg2 70.
Kb3 Bxf3 71. Kxa3 Bxe4 72. Bd7 Bf3 73. Kb2 Bxg4 74. Be8 Be6 75. Kc3 f5 76.
Kd2 Ke4 77. Ke2 f4 78. Bg6+ Bf5 79. Kf2 g4 80. Be8 g3+ 81. Kg2 Ke3 82. Bc6
Be4+ 83. Bxe4 Kxe4 {White resigns} 0-1

[Event "ICC tourney 1955 (60 10)"]
[Site "Internet Chess Club"]
[Date "2020.08.07"]
[Round "1"]
[White "saiabhi29"]
[Black "FamilyFork"]
[Result "0-1"]
[ICCResult "White resigns"]
[WhiteElo "2058"]
[BlackElo "2037"]
[Opening "Queen's pawn, Mason variation"]
[ECO "D00"]
[NIC "QP.08"]
[Time "12:35:45"]
[TimeControl "3600+10"]

1. d4 d5 2. Bf4 Bf5 3. e3 e6 4. Bd3 Bg6 5. Nf3 c5 6. c3 Bxd3 7. Qxd3 c4 8.
Qe2 Nc6 9. Nbd2 Bd6 10. Bg3 f5 11. O-O Nf6 12. Ne5 g5 13. b3 Bxe5 14. dxe5
Ng4 15. bxc4 Ngxe5 16. cxd5 Qxd5 17. Rad1 O-O-O 18. Nb3 Qc4 19. Qxc4 Nxc4
20. Nc5 e5 21. Ne6 Rxd1 22. Rxd1 f4 23. exf4 exf4 24. Nxg5 fxg3 25. hxg3 h6
26. Nf3 Rd8 27. Re1 Kc7 28. Kh2 Nd2 29. Nh4 Rd3 30. f4 Rxc3 31. f5 Kd6 32.
f6 Ne5 33. Rxe5 Kxe5 34. f7 Rc8 35. Ng6+ Kf6 36. f8=Q+ Rxf8 37. Nxf8 Ne4 38.
Kh3 Kf7 39. Nd7 Ke6 40. Nf8+ Kf7 41. Nd7 Nf2+ 42. Kh4 Nd3 43. g4 Ke7 44. Kh5
Kxd7 45. Kxh6 Nf4 46. g5 Ke7 47. g6 Kf8 48. g3 Ne6 49. a3 b5 50. g7+ Nxg7
51. Kg5 Kf7 52. Kf4 Ke6 53. Ke4 Nf5 54. g4 Nd6+ 55. Kd4 Nc4 56. a4 Na3 57.
axb5 Nxb5+ 58. Kc5 Nd6 59. Kb4 Kd5 60. Ka5 Nc8 61. Ka6 Ke5 62. Ka5 Kf4 63.
Ka6 Kxg4 64. Kb5 Kf4 65. Ka6 Ke5 66. Ka5 Kd5 67. Ka6 Kc6 68. Ka5 Kb7 69. Kb5
a6+ 70. Ka5 Nd6 71. Ka4 Kb6 72. Kb4 a5+ 73. Ka4 Ka6 74. Ka3 Kb5 75. Kb3 a4+
76. Ka3 Nc4+ 77. Ka2 Kb4 78. Kb1 Kb3 79. Ka1 a3 80. Kb1 Ne3 {White resigns}
0-1

[Event "ICC tourney 1955 (60 10)"]
[Site "Internet Chess Club"]
[Date "2020.08.07"]
[Round "1"]
[White "Aniketshukla"]
[Black "FL2009"]
[Result "1/2-1/2"]
[ICCResult "Game drawn by mutual agreement"]
[WhiteElo "1998"]
[BlackElo "1802"]
[Opening "Giuoco Piano"]
[ECO "C54"]
[NIC "IG.02"]
[Time "12:22:08"]
[TimeControl "3600+10"]

1. e4 e5 2. Nf3 Nc6 3. Bc4 Bc5 4. c3 Nf6 5. d3 d6 6. O-O O-O 7. Bg5 a6 8.
Bb3 Ba7 9. Nbd2 Be6 10. Bc2 h6 11. Bh4 Nb8 12. d4 Bg4 13. h3 Bxf3 14. Nxf3
Nbd7 15. Qd3 Re8 16. Rfe1 Qe7 17. Rad1 Nf8 18. Bg3 Ng6 19. Nh4 Nh5 20. Nf5
Qg5 21. Qf3 Nxg3 22. fxg3 Ne7 23. Ne3 Rf8 24. Kh2 Nc6 25. Nf5 Kh7 26. h4 Qf6
27. Qe3 Ne7 28. Rf1 Nxf5 29. Rxf5 Qe7 30. Rdf1 Rae8 31. Bb3 f6 32. Bc2 Qf7
33. Bb3 Qe7 34. Bc2 Qf7 35. b3 Qe7 36. Qd3 Bb6 37. g4 Rh8 38. b4 c6 39. Kg3
Rhf8 40. R5f3 Bc7 41. d5 a5 42. Qc4 axb4 43. cxb4 c5 44. Qb5 Bb8 45. Rb1 Rc8
46. Bd3 cxb4 47. Qxb4 Rc7 48. Rbf1 Rcc8 49. Rb1 Rf7 50. Qd2 Rcf8 51. Rh1 Kg8
52. Rhf1 Ba7 53. Bb5 {Game drawn by mutual agreement} 1/2-1/2

[Event "ICC tourney 1955 (60 10)"]
[Site "Internet Chess Club"]
[Date "2020.08.07"]
[Round "1"]
[White "i2good4u734"]
[Black "Aarush37"]
[Result "1-0"]
[ICCResult "Black checkmated"]
[WhiteElo "2126"]
[BlackElo "1832"]
[Opening "Queen's bishop game"]
[ECO "D02"]
[NIC "QP.08"]
[Time "12:22:27"]
[TimeControl "3600+10"]

1. d4 d5 2. Nf3 Nf6 3. Bf4 Bf5 4. e3 e6 5. c3 Bd6 6. Ne5 Nbd7 7. Nd2 O-O 8.
Be2 Ne4 9. O-O f6 10. Nxd7 Qxd7 11. Nxe4 Bxe4 12. Bxd6 Qxd6 13. Qb3 b6 14.
c4 c6 15. Rac1 Rac8 16. Rc3 Rc7 17. c5 Qd7 18. cxb6 Rb7 19. Qa4 Rxb6 20. b4
Qb7 21. a3 Rc8 22. Rfc1 Bg6 23. b5 Be8 24. Qc2 Bd7 25. a4 a5 26. bxa6 Qb8
27. Bb5 Kf7 28. g3 cxb5 29. Rxc8 Bxc8 30. Qc7+ Kg6 31. a7 Qxc7 32. Rxc7 Ra6
33. axb5 Ra1+ 34. Kg2 h5 35. b6 Ba6 36. Rc1 Ra2 37. a8=Q Bf1+ 38. Kxf1 Rxa8
39. b7 Rb8 40. Rc7 f5 41. h4 Kf6 42. f4 g6 43. Ke2 e5 44. dxe5+ Ke6 45. Kd3
g5 46. hxg5 h4 47. gxh4 d4 48. exd4 Kd5 49. h5 Ke6 50. g6 Kd5 51. g7 Rg8 52.
h6 Re8 53. h7 Re6 54. Rc5# {Black checkmated} 1-0

[Event "ICC tourney 1955 (60 10)"]
[Site "Internet Chess Club"]
[Date "2020.08.07"]
[Round "2"]
[White "investigator"]
[Black "pianoboy"]
[Result "1-0"]
[ICCResult "Black checkmated"]
[WhiteElo "2133"]
[BlackElo "1878"]
[Opening "Catalan: closed, 5.Nf3"]
[ECO "E06"]
[NIC "CA.04"]
[Time "15:37:47"]
[TimeControl "3600+10"]

1. c4 e6 2. d4 d5 3. Nf3 Nf6 4. g3 Be7 5. Bg2 O-O 6. O-O b6 7. cxd5 exd5 8.
Nc3 Bb7 9. Bf4 c6 10. Rc1 Re8 11. a3 a5 12. Na4 Bd6 13. Bxd6 Qxd6 14. Nxb6
Nbd7 15. Nxa8 Rxa8 16. Qc2 a4 17. Ne1 Qc7 18. Nd3 Ne4 19. Bxe4 dxe4 20. Nc5
Nxc5 21. dxc5 Qe5 22. Qc3 Qe6 23. Rfd1 f5 24. Qc4 Kf7 25. Rd7+ Kf6 26. Rd6
Re8 27. Rxe6+ Rxe6 28. Rd1 Ke5 29. Qd4# {Black checkmated} 1-0

[Event "ICC tourney 1955 (60 10)"]
[Site "Internet Chess Club"]
[Date "2020.08.07"]
[Round "2"]
[White "lemonoosa"]
[Black "Samuel-Colt"]
[Result "1-0"]
[ICCResult "Black resigns"]
[WhiteElo "2086"]
[BlackElo "1787"]
[Opening "Queen's pawn: London system"]
[ECO "A45"]
[NIC "QP.07"]
[Time "15:37:18"]
[TimeControl "3600+10"]

1. d4 Nf6 2. Bf4 d6 3. Nc3 g6 4. e4 Bg7 5. Qd2 Nc6 6. O-O-O O-O 7. Nf3 a6 8.
e5 dxe5 9. Nxe5 Nxe5 10. Bxe5 Bf5 11. f3 b5 12. g4 Bd7 13. h4 b4 14. Ne2 Bc6
15. Bg2 Nd5 16. Bxg7 Kxg7 17. h5 Qd6 18. hxg6 fxg6 19. Qh6+ Kf7 20. Qxh7+
Ke8 21. Rh6 Rf6 22. g5 Re6 23. Bh3 Nf4 24. Qg8+ Kd7 25. Bxe6+ Nxe6 26. Qxg6
Bxf3 27. Re1 a5 28. Qxe6+ Qxe6 29. Rxe6 Kxe6 30. Ng1+ Kf7 31. Nxf3 a4 32.
Ne5+ Kg7 33. Nc6 a3 34. Rxe7+ Kg6 35. Rxc7 Rf8 36. bxa3 bxa3 37. Ra7 Rf1+
38. Kd2 Rf3 39. Ne5+ {Black resigns} 1-0

[Event "ICC tourney 1955 (60 10)"]
[Site "Internet Chess Club"]
[Date "2020.08.07"]
[Round "2"]
[White "hunqapillar"]
[Black "anton555"]
[Result "0-1"]
[ICCResult "White resigns"]
[WhiteElo "1816"]
[BlackElo "2155"]
[Opening "English opening"]
[ECO "A20"]
[NIC "EO.24"]
[Time "15:38:25"]
[TimeControl "3600+10"]

1. c4 e5 2. g3 Nf6 3. Bg2 d5 4. d3 Be7 5. Nf3 Nc6 6. cxd5 Nxd5 7. a3 O-O 8.
O-O Be6 9. Nc3 Nb6 10. Be3 f6 11. Ne4 Nd4 12. Nxd4 exd4 13. Bd2 f5
{White resigns}
0-1

[Event "ICC tourney 1955 (60 10)"]
[Site "Internet Chess Club"]
[Date "2020.08.07"]
[Round "2"]
[White "VincentT2008"]
[Black "GoatsRock"]
[Result "1-0"]
[ICCResult "Black resigns"]
[WhiteElo "1862"]
[BlackElo "1531"]
[Opening "QGD Slav defense"]
[ECO "D10"]
[NIC "SL.01"]
[Time "15:37:30"]
[TimeControl "3600+10"]

1. d4 d5 2. c4 c6 3. Nc3 Bf5 4. cxd5 cxd5 5. Qb3 e6 6. Qxb7 Nd7 7. Nb5 Rc8
8. Bf4 Bb4+ 9. Nc3 Rxc3 10. Qxb4 Rc4 11. Qd2 Rc2 12. Qb4 Ne7 13. e3 O-O 14.
Bd6 Nc6 15. Qa4 Nb6 16. Qa3 Re8 17. Bb5 Nc4 18. Bxc4 Rxc4 19. Ne2 e5 20.
dxe5 Nxe5 21. Bxe5 Rxe5 22. O-O Qb8 23. Nd4 Bg6 24. Rac1 Qc8 25. Rxc4 Qxc4
26. Qxa7 h6 27. Qb8+ Kh7 28. Qxe5 {Black resigns} 1-0

[Event "ICC tourney 1955 (60 10)"]
[Site "Internet Chess Club"]
[Date "2020.08.07"]
[Round "2"]
[White "divy7"]
[Black "chessrex"]
[Result "1/2-1/2"]
[ICCResult "Game drawn by mutual agreement"]
[WhiteElo "1714"]
[BlackElo "1983"]
[Opening "Vienna: Paulsen-Mieses variation"]
[ECO "C26"]
[NIC "VG.01"]
[Time "15:37:47"]
[TimeControl "3600+10"]

1. e4 e5 2. Nc3 Nf6 3. g3 d5 4. exd5 Nxd5 5. Nge2 Be6 6. Bg2 c6 7. O-O Bc5
8. Ne4 Be7 9. d4 f5 10. N4c3 Nxc3 11. bxc3 e4 12. Nf4 Bf7 13. f3 exf3 14.
Bxf3 O-O 15. Re1 Qd7 16. Qe2 Bd6 17. Qd3 Na6 18. Bd2 Nc7 19. a4 Rfe8 20. c4
Ne6 21. Nxe6 Bxe6 22. Bf4 Bxf4 23. gxf4 Qf7 24. d5 Bd7 25. Kh1 Rxe1+ 26.
Rxe1 Re8 27. Rxe8+ Qxe8 28. Kg2 Qg6+ 29. Kh1 Qe8 30. Kg2 Qg6+
{Game drawn by mutual agreement}
1/2-1/2

[Event "ICC tourney 1955 (60 10)"]
[Site "Internet Chess Club"]
[Date "2020.08.07"]
[Round "2"]
[White "Goran21"]
[Black "justice02"]
[Result "1-0"]
[ICCResult "Black resigns"]
[WhiteElo "2108"]
[BlackElo "1824"]
[Opening "French: King's Indian attack"]
[ECO "C00"]
[NIC "FR.02"]
[Time "15:37:46"]
[TimeControl "3600+10"]

1. e4 e6 2. d3 d5 3. Nd2 Nc6 4. Ngf3 d4 5. g3 Nge7 6. Bg2 Ng6 7. O-O e5 8.
a4 a5 9. Nc4 Bg4 10. h3 Be6 11. Ng5 Bxc4 12. dxc4 Be7 13. f4 Bxg5 14. fxg5
f6 15. gxf6 gxf6 16. Bh6 Qe7 17. Qf3 O-O-O 18. Qxf6 Qxf6 19. Rxf6 Rd7 20. h4
Rg8 21. Bh3 Nxh4 22. Kh2 Ng6 23. Rf7 Nce7 24. Rxh7 Kd8 25. Bxd7 Kxd7 26. Rf1
Ke6 27. Bg5 {Black resigns} 1-0

[Event "ICC tourney 1955 (60 10)"]
[Site "Internet Chess Club"]
[Date "2020.08.07"]
[Round "2"]
[White "winner08"]
[Black "sanjayselvam"]
[Result "0-1"]
[ICCResult "White checkmated"]
[WhiteElo "1756"]
[BlackElo "1940"]
[Opening "Alekhine's defense: exchange variation"]
[ECO "B02"]
[NIC "AL.08"]
[Time "15:37:44"]
[TimeControl "3600+10"]

1. e4 Nf6 2. e5 Nd5 3. c4 Nb6 4. d4 d6 5. exd6 cxd6 6. Nc3 g6 7. Nf3 Bg7 8.
Be3 O-O 9. Be2 Nc6 10. O-O Bg4 11. b3 e5 12. Rc1 Bxf3 13. Bxf3 exd4 14. Bxc6
dxe3 15. Bxb7 Rb8 16. Bf3 Bh6 17. Rb1 exf2+ 18. Kxf2 Qh4+ 19. Kg1 Be3+ 20.
Kh1 Bf4 21. Qe2 Qxh2# {White checkmated} 0-1

[Event "ICC tourney 1955 (60 10)"]
[Site "Internet Chess Club"]
[Date "2020.08.07"]
[Round "2"]
[White "KylanHuang"]
[Black "PhenomenalChess"]
[Result "1-0"]
[ICCResult "Black resigns"]
[WhiteElo "1893"]
[BlackElo "1611"]
[Opening "French: advance, Paulsen attack"]
[ECO "C02"]
[NIC "FR.03"]
[Time "15:38:06"]
[TimeControl "3600+10"]

1. e4 e6 2. d4 d5 3. e5 c5 4. c3 Nc6 5. Nf3 Qb6 6. a3 Nge7 7. Bd3 cxd4 8.
cxd4 Bd7 9. Bc2 a5 10. O-O Ng6 11. Nc3 Be7 12. Na4 Qc7 13. Qd3 Rc8 14. Nc3
Na7 15. Be3 b5 16. Rfc1 b4 17. axb4 axb4 18. Ne2 Bb5 19. Ba4 Bc6 20. Bxc6+
Nxc6 21. Qb5 O-O 22. Ra6 Na7 23. Qa4 Qxc1+ 24. Nxc1 {Black resigns} 1-0

[Event "ICC tourney 1955 (60 10)"]
[Site "Internet Chess Club"]
[Date "2020.08.07"]
[Round "2"]
[White "karuto2006"]
[Black "adelie"]
[Result "0-1"]
[ICCResult "White resigns"]
[WhiteElo "1769"]
[BlackElo "1993"]
[Opening "Pirc defense"]
[ECO "B07"]
[NIC "PU.08"]
[Time "15:38:26"]
[TimeControl "3600+10"]

1. e4 d6 2. d4 Nf6 3. Bd3 e5 4. Nf3 Nc6 5. c3 Bg4 6. Nbd2 exd4 7. cxd4 Nxd4
8. Qa4+ Nc6 9. h3 Bd7 10. Qb3 Be7 11. O-O O-O 12. Nc4 h6 13. Ne3 b6 14. a3
Be6 15. Qc2 Ne5 16. Nxe5 dxe5 17. b4 c5 18. bxc5 Bxc5 19. Nc4 Bd4 20. Bb2
Rc8 21. Qa4 Bxc4 22. Bxc4 Bxb2 23. Rad1 Qe7 24. Rd3 Bd4 25. Bd5 Nxd5 26.
exd5 Qc5 27. Qxa7 Qxd5 28. Rfd1 Bxf2+ 29. Kxf2 Rc2+ 30. Ke3 Qc5+ 31. Kf3
Qf2+ {White resigns} 0-1

[Event "ICC tourney 1955 (60 10)"]
[Site "Internet Chess Club"]
[Date "2020.08.07"]
[Round "2"]
[White "Chessking2008"]
[Black "BreatheChessAls"]
[Result "1-0"]
[ICCResult "Black resigns"]
[WhiteElo "2152"]
[BlackElo "1920"]
[Opening "English opening"]
[ECO "A16"]
[NIC "EO.61"]
[Time "15:38:05"]
[TimeControl "3600+10"]

1. c4 Nf6 2. Nc3 c6 3. e4 d6 4. d4 g6 5. Nf3 Bg7 6. Be2 O-O 7. O-O Bg4 8. h3
Bxf3 9. Bxf3 Nbd7 10. Be3 Qa5 11. Qd2 e5 12. d5 cxd5 13. cxd5 a6 14. a3 Rfc8
15. b4 Qd8 16. Rfc1 Qf8 17. Bg4 h5 18. Bxd7 Nxd7 19. a4 Kh7 20. g4 f6 21.
Ne2 Bh6 22. gxh5 gxh5 23. Ng3 Bxe3 24. Qxe3 Qf7 25. Kh2 Qg6 26. Rg1 Qg5 27.
Qf3 Rg8 28. Nxh5 Qh4 29. Ng3 Rg6 30. Nf5 Qf4+ 31. Qxf4 exf4 32. Rxg6 Kxg6
33. Rg1+ Kh5 34. Rg4 Ne5 35. Rxf4 Rg8 36. Rh4+ Kg5 37. f4+ {Black resigns}
1-0

[Event "ICC tourney 1955 (60 10)"]
[Site "Internet Chess Club"]
[Date "2020.08.07"]
[Round "2"]
[White "H2ODerp"]
[Black "mydogeatschess"]
[Result "1/2-1/2"]
[ICCResult "Game drawn by mutual agreement"]
[WhiteElo "2044"]
[BlackElo "1888"]
[Opening "Two knights defense"]
[ECO "C56"]
[NIC "KP.02"]
[Time "15:38:17"]
[TimeControl "3600+10"]

1. e4 e5 2. Nf3 Nc6 3. d4 exd4 4. Bc4 Nf6 5. O-O Nxe4 6. Re1 d5 7. Bxd5 Qxd5
8. Nc3 Qh5 9. Nxe4 Be6 10. Bg5 Bd6 11. Nxd6+ cxd6 12. Bf4 Qd5 13. c3 O-O-O
14. Nxd4 Nxd4 15. Qxd4 Qxd4 16. cxd4 Kd7 17. a3 Bd5 18. f3 Rhe8 19. Kf2 Rxe1
20. Rxe1 Rc8 21. Rc1 Rxc1 22. Bxc1 Bb3 23. Ke3 {Game drawn by mutual
agreement} 1/2-1/2

[Event "ICC tourney 1955 (60 10)"]
[Site "Internet Chess Club"]
[Date "2020.08.07"]
[Round "2"]
[White "mopaska1106"]
[Black "saatvik"]
[Result "0-1"]
[ICCResult "White resigns"]
[WhiteElo "2015"]
[BlackElo "1844"]
[Opening "Modern defense"]
[ECO "A42"]
[NIC "OI.07"]
[Time "15:37:29"]
[TimeControl "3600+10"]

1. d4 d6 2. c4 g6 3. Nc3 Bg7 4. Nf3 f5 5. e4 Nf6 6. e5 Ne4 7. Bd3 dxe5 8.
Nxe4 fxe4 9. Bxe4 exd4 10. c5 c6 11. Qb3 e6 12. Ng5 Qe7 13. Nxh7 Be5 14.
Bxg6+ Kd7 15. O-O Rxh7 16. Bxh7 Qxh7 17. f4 Bf6 18. Bd2 Na6 19. Qc4 Qf5 20.
b4 Nc7 21. a4 Qd5 22. Qe2 d3 23. Qg4 Bxa1 {White resigns} 0-1